cohdb
Replays
Latest Replays
All Replays
Popular Replays
Top Player Replays
Match Explorer
How It Works
Community
CoH3 Stats
Reddit
Sign in to upload your games and track your stats! →
Sign in with Steam
Match 38619074
Unlisted
Match 38619074
Overview
Messages
Build Orders
End
Panzergrenadier Squad
Selects Battlefield Espionage Battlegroup
Selects Sector Subterfuge Beacon
250 Light Carrier
Panzergrenadier Squad
Panzerpioneer Squad
Construct Light Support Kompanie
Assault Grenadier Squad
Construct Mechanized Kompanie
Panzerjäger Mechanized Group
Support Armor Elements
Selects Plunder
Combat Half-tracks
StuG III D Assault Gun
Emergency Repair Kits
Selects Disruption Operation
Construct Panzerarmee Kommand
Veteran Squad Leaders
Selects 250/3 Funkpanzerwagen
Selects Anti-Tank Incendiary Munitions
Panzerjäger Squad
Armored Reserves
Disruption Operation
Tiger Heavy Tank
Flakvierling Half-track
StuG III D Assault Gun
Disruption Operation
Rapid Advance
Disruption Operation
Tiger Heavy Tank
LEV-Detahaven
Tenshi
KrabbenSaft
.
0
0
Comments
sign in to comment!
No comments posted yet!